 Dungeon Crawl Stone Soup version 0.28-a0-991-g956f0ee3d5 (webtiles) character file.

Game seed: 7825784377434387898

9350 siradein the Magus (level 11, -3/87 HPs)
             Began as a Demonspawn Fighter on Dec 4, 2021.
             Was an Elder of Nemelex Xobeh.
             Slain by a boulder beetle (6 damage)
             ... on level 10 of the Dungeon.
             The game lasted 00:16:33 (11386 turns).

siradein the Magus (Demonspawn Fighter)            Turns: 11386, Time: 00:16:35

Health: -3/87      AC: 17    Str: 20    XL:     11   Next: 21%
Magic:  27/27      EV: 10    Int: 14    God:    Nemelex Xobeh [****..]
Gold:   424        SH: 11    Dex: 19    Spells: 10/10 levels left

rFire   + . .      SeeInvis .   L - +2 double sword (vamp)
rCold   . . .      Faith    .   m - +0 kite shield
rNeg    . . .      Spirit   .   f - +2 swamp dragon scales
rPois   +          Reflect  .   B - +0 helmet
rElec   .          Harm     .   (no cloak)
rCorr   .          Rampage  .   E - +0 pair of gloves of Aqo Sittei {rF+ MP+9 Int+4}
Will    .....                   (boots unavailable)
Stlth   +.........              y - amulet of the acrobat
HPRegen 0.24/turn               n - +6 ring of dexterity
MPRegen 0.20/turn               x - +4 ring of slaying

@: no status effects
A: hooves 3, yellow scales 2, foul stench 2, spiny 1
a: Renounce Religion, Draw Escape, Draw Destruction, Draw Summoning, Triple
Draw, Deal Four


You were on level 10 of the Dungeon.
You worshipped Nemelex Xobeh.
Nemelex Xobeh was greatly pleased with you.
You visited 1 branch of the dungeon, and saw 11 of its levels.

You collected 671 gold pieces.
You spent 247 gold pieces at shops.

Inventory:

Hand Weapons
 L - a +2 vampiric double sword (weapon)
 N - a +2 vorpal war axe
Missiles
 t - 2 throwing nets
 G - 2 datura-tipped darts (quivered)
Armour
 f - +2 swamp dragon scales (worn)
 m - a +0 kite shield (worn)
 B - a +0 helmet (worn)
 E - the +0 pair of gloves of Aqo Sittei (worn) {rF+ MP+9 Int+4}
   (You found it on level 8 of the Dungeon)

   Int:       It affects your intelligence (+4).
   rF:        It protects you from fire.
   MP:        It affects your magic capacity (+9).
Jewellery
 n - a +6 ring of dexterity (left hand)
 x - a +4 ring of slaying (right hand)
 y - an amulet of the acrobat (around neck)
 F - a ring of willpower
 M - a ring of wizardry
Wands
 r - a wand of flame (38)
 u - a wand of mindburst (17)
 J - a wand of iceblast (5)
 K - a wand of paralysis (4)
Scrolls
 a - a scroll of blinking {unknown}
 b - 2 scrolls of silence {unknown}
 c - a scroll of fog {unknown}
 e - 2 scrolls of magic mapping
 j - 6 scrolls of teleportation
 l - a scroll of fear {unknown}
 C - a scroll of torment {unknown}
 D - a scroll of enchant weapon {unknown}
 H - 2 scrolls of immolation {unknown}
 I - a scroll of noise {unknown}
Potions
 d - 6 potions of might
 g - a potion of brilliance
 i - 2 potions of attraction
 k - 2 potions of lignification
 o - a potion of degeneration {unknown}
 p - 4 potions of haste
 q - a potion of cancellation {unknown}
 s - 7 potions of curing
 v - a potion of berserk rage {unknown}
 w - 2 potions of resistance {unknown}
 z - 2 potions of heal wounds {unknown}
 A - 3 potions of invisibility {unknown}


   Skills:
 + Level 8.4 Fighting
 + Level 1.3 Long Blades
 - Level 7.2 Axes
 + Level 7.8 Armour
 + Level 1.3 Dodging
 + Level 1.4 Stealth
 + Level 7.8 Shields
 + Level 9.7 Invocations


You had 10 spell levels left.
You didn't know any spells.
Your spell library contained the following spells:

 Spells                   Type           Power      Damage    Failure   Level
 Blink                    Tloc           0%         N/A       86%         2
 Passwall                 Tmut/Erth      0%         N/A       86%         2
 Lesser Beckoning         Tloc           0%         N/A       98%         3
 Swiftness                Air            0%         N/A       98%         3
 Manifold Assault         Tloc           0%         N/A       100%        5


Dungeon Overview and Level Annotations

Branches:
Dungeon (11/15)            Temple (0/1) D:7            Lair (0/6) D:10
    Orc: D:9-12

Altars:
Ashenzari
Nemelex Xobeh
Ru

Shops:
D:6 [

Portals:
Abyss: D:7

Annotations:
D:7 2 transporters, ders's ghost, novice GrEE
D:10 exclusion: ice statue


Innate Abilities, Weirdness & Mutations

You have hooves in place of feet.
You are mostly covered in yellow scales. (AC +3)
You sometimes emit foul miasma when damaged in melee.
You are partially covered in sharp spines.


Message History

The yak gores you. The yak gores you!
You emit a cloud of foul miasma!
You climb upwards.
Level annotation: exclusion: ice statue
There is a stone staircase leading down here.
You hit the yak.
You feel better.
Your kick misses the yak.
The yak is moderately wounded.
You block the death knight's attack. The yak gores you but does no damage.
You block the yak's attack. The yak gores you but does no damage.
You block the death knight's attack.
The boulder beetle waves its antennae.
The yak gores you!
* * * LOW HITPOINT WARNING * * *
You emit a cloud of foul miasma!
You slash the yak! You kick the yak.
The yak is almost dead.
The yak is struck by your spines.
You kill the yak!
The death knight invokes the aid of Yredelemnul against you.
Your body is wracked with pain!
* * * LOW HITPOINT WARNING * * *
The yak is engulfed in dark miasma.
The yak is poisoned.
The yak barely misses you. The death knight closely misses you.
You block the yak's attack. The boulder beetle closely misses you.
You hit the yak but do no damage. You kick the yak!
The yak is severely wounded.
You kill the yak!
The yak gores you but does no damage.
The death knight offers itself to Yredelemnul, and fills with unholy energy.
The boulder beetle is struck by your spines.
The boulder beetle bites you!
* * * LOW HITPOINT WARNING * * *
Okay, then.
You draw a card...
You have drawn Velocity.
The yak seems to slow down.
The boulder beetle seems to slow down.
The death knight mumbles some strange prayers to Yredelemnul against you.
Your body is wracked with pain!
* * * LOW HITPOINT WARNING * * *
You block the yak's attack. The boulder beetle bites you.
You die...
Your body disappears without a glow.

..#................###...........
...####............#####.........
........).................#......
.......≈≈≈≈≈...............#....≈
.......≈≈≈≈≈.#+#'##........####..
###...≈≈≈≈≈≈.#.#.##........# #..
#....≈≈≈≈≈.#..Y##.......## #..
#..........##pB##.......# #..
#..........##○@Y.......## #..
#..........############# ###
#..........# ## ############ #<
##


You could see a death knight (reflects damage), a boulder beetle (slow) and 2
yaks.

Vanquished Creatures
  Urug (D:10)
  An ugly thing (D:9)
  A gargoyle (D:7)
  Maggie (D:9)
  2 komodo dragons (D:10)
  A shadow (D:9)
  A wraith (D:8)
  14 yaks
  3 wyverns
  Duvessa (D:5)
  3 sky beasts
  4 orc warriors
  3 black bears
  2 necrophages
  5 ogres
  5 centaurs
  Blork the orc (D:5)
  A wyvern zombie (D:5)
  A scorpion (D:5)
  3 bullfrogs
  Dowan (D:5)
  21 killer bees
  3 electric eels (D:10)
  2 howler monkeys
  4 centaur zombies
  A bullfrog skeleton (D:6)
  2 jellies
  3 orc priests
  A hound (D:7)
  A centaur skeleton (D:6)
  Jessica (D:3)
  2 iguanas
  Ijyb (D:5)
  4 orc wizards
  A hound zombie (D:5)
  A howler monkey zombie (D:6)
  4 gnolls (D:5)
  A howler monkey skeleton (D:5)
  4 adders
  A shadow imp (D:6)
  2 ufetubi
  A dart slug (D:3)
  38 orcs
  9 endoplasms
  7 giant cockroaches
  3 goblins
  10 hobgoblins
  2 jackals (D:3)
  8 kobolds
  4 quokkas
  6 ball pythons
  4 bats
  4 frilled lizards
  3 rats
214 creatures vanquished.

Vanquished Creatures (others)
  4 plants (D:10)
4 creatures vanquished.

Grand Total: 218 creatures vanquished

Notes
Turn   | Place    | Note
-------+----------+-------------------------------------------
     0 | D:1      | siradein the Demonspawn Fighter began the quest for the
                  | Orb.
     0 | D:1      | Reached XP level 1. HP: 18/18 MP: 1/1
   196 | D:1      | Gained mutation: You are partially covered in sharp spines.
                  | [demonic ancestry]
   196 | D:1      | Reached XP level 2. HP: 24/24 MP: 2/2
   859 | D:1      | Reached XP level 3. HP: 28/29 MP: 3/3
  1582 | D:3      | Noticed Jessica
  1894 | D:3      | Killed Jessica
  1895 | D:3      | Gained mutation: You are partially covered in yellow
                  | scales. (AC +2) [demonic ancestry]
  1895 | D:3      | Reached XP level 4. HP: 21/35 MP: 4/4
  2523 | D:3      | Found a sparkling altar of Nemelex Xobeh.
  2777 | D:3      | Became a worshipper of Nemelex Xobeh the Trickster
  2888 | D:4      | Gained mutation: You have large cloven feet. [demonic
                  | ancestry]
  2888 | D:4      | Reached XP level 5. HP: 38/42 MP: 5/5
  2931 | D:4      | Reached skill level 1 in Invocations
  3476 | D:5      | Entered Level 5 of the Dungeon
  3487 | D:5      | Gained mutation: You have hoof-like feet. [demonic
                  | ancestry]
  3487 | D:5      | Reached XP level 6. HP: 34/48 MP: 7/7
  3604 | D:5      | Reached skill level 2 in Invocations
  3660 | D:5      | Noticed Ijyb
  3672 | D:5      | Killed Ijyb
  4408 | D:5      | Reached skill level 3 in Invocations
  4408 | D:5      | Gained mutation: You have hooves in place of feet. [demonic
                  | ancestry]
  4408 | D:5      | Reached XP level 7. HP: 15/55 MP: 9/9
  4667 | D:5      | Reached * piety under Nemelex Xobeh
  4818 | D:5      | Reached skill level 5 in Fighting
  4818 | D:5      | Reached skill level 4 in Invocations
  4868 | D:5      | Noticed Blork the orc
  4875 | D:5      | Killed Blork the orc
  4876 | D:5      | Gained mutation: You may rarely emit foul miasma when
                  | damaged in melee. [demonic ancestry]
  4876 | D:5      | Reached XP level 8. HP: 42/62 MP: 11/11
  5000 | D:5      | Noticed Duvessa
  5005 | D:5      | Noticed Dowan
  5010 | D:5      | Killed Duvessa
  5011 | D:5      | Reached skill level 5 in Armour
  5013 | D:5      | Killed Dowan
  5233 | D:5      | Reached skill level 5 in Shields
  5233 | D:5      | Reached skill level 5 in Invocations
  5520 | D:6      | Received a gift from Nemelex Xobeh
  5578 | D:6      | Found Gutt's Antique Armour Boutique.
  5896 | D:6      | Received a gift from Nemelex Xobeh
  5967 | D:6      | Reached ** piety under Nemelex Xobeh
  6514 | D:7      | Noticed a gargoyle
  6516 | D:7      | Killed a gargoyle
  6517 | D:7      | Reached skill level 5 in Axes
  6517 | D:7      | Reached skill level 6 in Invocations
  6517 | D:7      | Gained mutation: You are mostly covered in yellow scales.
                  | (AC +3) [demonic ancestry]
  6517 | D:7      | Reached XP level 9. HP: 69/69 MP: 13/13
  6640 | D:7      | Received a gift from Nemelex Xobeh
  6849 | D:6      | Bought a shiny chain mail for 247 gold pieces
  6947 | D:7      | Noticed ders's ghost (novice GrEE)
  7028 | D:7      | Found a staircase to the Ecumenical Temple.
  7073 | D:7      | Found a transporter.
  7095 | D:7      | Received a gift from Nemelex Xobeh
  7146 | D:7      | Found a transporter.
  7172 | D:7      | Found a one-way gate to the infinite horrors of the Abyss.
  7172 | D:7      | Noticed a rust devil
  7407 | D:8      | Identified the +0 pair of gloves of Aqo Sittei {rF+ MP+9
                  | Int+4}
  7555 | D:8      | Reached skill level 7 in Invocations
  7810 | D:8      | Reached *** piety under Nemelex Xobeh
  9028 | D:9      | Gained mutation: You sometimes emit foul miasma when
                  | damaged in melee. [demonic ancestry]
  9028 | D:9      | Reached XP level 10. HP: 53/79 MP: 15/15
  9176 | D:9      | Reached skill level 8 in Invocations
  9283 | D:9      | Noticed Maggie
  9291 | D:9      | Killed Maggie
  9723 | D:9      | Noticed a red ugly thing
  9734 | D:9      | Killed a red ugly thing
  9869 | D:9      | Found a sacrificial altar of Ru.
  9942 | D:9      | Reached **** piety under Nemelex Xobeh
  9942 | D:9      | Received a gift from Nemelex Xobeh
 10099 | D:10     | Entered Level 10 of the Dungeon
 10139 | D:10     | Reached skill level 9 in Invocations
 10474 | D:10     | Found a broken altar of Ashenzari.
 10500 | D:10     | Noticed Urug
 10511 | D:10     | Killed Urug
 10677 | D:10     | Noticed an ice statue
 10692 | D:10     | Reached XP level 11. HP: 55/86 MP: 18/18
 10861 | D:10     | Reached skill level 1 in Stealth
 10987 | D:10     | Found a staircase to the Lair.
 11018 | D:10     | Reached skill level 1 in Long Blades
 11018 | D:10     | Reached skill level 1 in Dodging
 11375 | D:11     | Noticed a death knight
 11377 | D:11     | Noticed a boulder beetle
 11385 | D:10     | HP: 4/87 [boulder beetle (11)]
 11386 | D:10     | Slain by a boulder beetle

Illustrated notes

Levels and vault maps discovered:
D:1:      moated_graveyard_arrival, layout_basic, solitary_fountain
D:2:      layout_rooms, minmay_misc_feat_ornament
D:3:      layout_basic, nemelex_altar_shiori, uniq_jessica
D:4:      layout_loops_ring
D:5:      layout_loops_ring, minivault_25, uniq_blork_the_orc, uniq_ijyb,
          uniq_duvessa
D:6:      layout_gridville, serial_shops, nicolae_shop_trees
D:7:      layout_basic, minmay_temple_entry_statues_fountains,
          gammafunk_ghost_abyssal_escape
D:8:      layout_layer_cave, corexii_corridor_pit, eino_jars
D:9:      layout_small_grid, lemuel_coloured_pillars_altar, special_room
          [special_room_orc], uniq_maggie
D:10:     layout_basic, mainiacjoe_overflow_tiny_flanked, david_lair_shrubbed,
          minivault_16, uniq_urug
D:11:     minmay_inside_and_out, layout_basic

Skill      XL: |  1  2  3  4  5  6  7  8  9 10 11 |
---------------+----------------------------------+-----
Axes           | 2 3 4 5 6 7 |  7.2
Armour         | 3 4 5 6 7 |  7.8
Shields        | 3 4 5 6 7 |  7.8
Invocations    | 1 3 4 6 7 9 |  9.7
Fighting       | 4 5 6 7 8 |  8.4
Stealth        | 1 |  1.4
Long Blades    | 1 |  1.3
Dodging        | 1 |  1.3

Action                   |  1- 3 |  4- 6 |  7- 9 | 10-12 || total
-------------------------+-------+-------+-------+-------++-------
Melee: War axe           |    84 |   122 |   126 |    88 ||   420
       Kick              |       |    26 |    54 |    58 ||   138
       Double sword      |       |       |       |    36 ||    36
Invok: Draw Destruction  |       |       |     6 |     6 ||    12
       Draw Escape       |       |       |       |     1 ||     1
  Use: Scroll            |       |       |     6 |     2 ||     8
 Stab: Sleeping          |       |       |       |     1 ||     1
Armor: Scale mail        |    39 |    39 |    28 |       ||   106
       Chain mail        |       |       |    43 |    11 ||    54
       Swamp dragon scal |       |       |       |    50 ||    50
Dodge: Dodged            |    33 |    36 |    40 |    50 ||   159
Block: Buckler           |    25 |    20 |    24 |       ||    69
       Kite shield       |       |       |    66 |    84 ||   150

Table legend: (Time is in decaauts)
 A = Elapsed time spent in this place.
 B = Non-inter-level travel time spent in this place.
 C = Inter-level travel time spent in this place.
 D = Time resting spent in this place.
 E = Time spent auto-exploring this place.
 F = Levels seen in this place.
 G = Mean time per level.
                   A        B        C        D        E       F      G
               +--------+--------+--------+--------+--------+-----+--------+
         Total |  11574 |  11235 |    339 |    869 |   8825 |  11 | 1052.2 |
       Dungeon |  11574 |  11235 |    339 |    869 |   8825 |  11 | 1052.2 |
               +--------+--------+--------+--------+--------+-----+--------+

Top non-repeatable levels by time:
     D:5: 1794 daAuts
     D:8: 1684 daAuts
    D:10: 1307 daAuts
     D:9: 1114 daAuts
     D:6: 1058 daAuts
     D:2: 1014 daAuts
     D:1: 1009 daAuts
     D:4: 916 daAuts
     D:3: 879 daAuts
     D:7: 783 daAuts
    D:11: 9 daAuts
